 Dungeon Crawl Stone Soup version 0.29.1-1-gd02db6906a (webtiles) character file.

Game seed: 10605764376287907893

2 EvilAshe the Digger (level 1, -2/14 HPs)
             Began as a Ghoul Earth Elementalist on Sept 26, 2022.
             Slain by a gnoll
             ... wielding a +0 club
              (4 damage)
             ... on level 1 of the Dungeon.
             The game lasted 00:00:53 (161 turns).

EvilAshe the Digger (Ghoul Earth Elementalist)       Turns: 161, Time: 00:00:53

Health: -2/14      AC:  2    Str: 11    XL:     1   Next: 40%
Magic:  0/2        EV: 12    Int: 10    God:
Gold:   25         SH:  0    Dex:  9    Spells: 2/3 levels left

rFire   . . .      SeeInvis .   (no weapon)
rCold   + . .      Faith    .   (no shield)
rNeg    + + +      Spirit   .   a - +0 robe
rPois   ∞          Reflect  .   (no helmet)
rElec   .          Harm     .   (no cloak)
rCorr   .          Rampage  .   (no gloves)
Will    .....                   (no boots)
Stlth   ++........              (no amulet)
HPRegen 0.00/turn               (no ring)
MPRegen 0.08/turn               (no ring)

@: inhibited regen
A: claws 1, cold resistance 1, negative energy resistance 3, inhibited
regeneration, torment resistance 2, devour on kill
a: no special abilities


You were on level 1 of the Dungeon.
You visited 1 branch of the dungeon, and saw 1 of its levels.

You collected 25 gold pieces.

Inventory:

Armour
 a - a +0 robe (worn)
Scrolls
 c - a scroll of identify {unknown}
Potions
 b - a potion of magic


   Skills:
 - Level 1.7 Dodging
 - Level 2.1 Stealth
 + Level 1.8 Spellcasting
 - Level 0.8 Transmutations
 * Level 3.4 Earth Magic


You had 2 spell levels left.
You knew the following spells:

 Your Spells              Type           Power      Damage    Failure   Level
a - Sandblast             Erth           14%        2d6       8%          1

Your spell library contained the following spells:

 Spells                   Type           Power      Damage    Failure   Level
 Passwall                 Tmut/Erth      4%         N/A       21%         2
 Stone Arrow              Conj/Erth      8%         3d7       43%         3
 Petrify                  Tmut/Erth      5%         N/A       78%         4


Dungeon Overview and Level Annotations

Branches:
Dungeon (1/15)

Altars:


Innate Abilities, Weirdness & Mutations

You are immune to poison.
You have sharp fingernails.
Your flesh is cold resistant. (rC+)
You are immune to negative energy. (rN+++)
You do not regenerate when monsters are visible.
You are immune to unholy pain and torment.
You thrive by killing the living.


Message History

You see here 3 stones.
A gnoll comes into view. It is wielding a +0 club.
The gnoll shouts!
Casting: Sandblast (safe; 8% risk of failure)
Confirm with . or Enter, or press ? or * to list all spells.
Aiming: Sandblast (safe; 8% risk of failure)
Press: ? - help, Shift-Dir - straight line, f - gnoll
Aim: a gnoll, wielding a +0 club (83% to hit)
The blast of sand misses the gnoll.
Casting: Sandblast (safe; 8% risk of failure)
Confirm with . or Enter, or press ? or * to list all spells.
Aiming: Sandblast (safe; 8% risk of failure)
Press: ? - help, Shift-Dir - straight line, f/p - gnoll
Aim: a gnoll, wielding a +0 club (83% to hit)
The blast of sand hits the gnoll.
The gnoll is moderately wounded.
The gnoll barely misses you.
You scratch the gnoll.
The gnoll is moderately wounded.
The gnoll closely misses you.
You scratch the gnoll.
The gnoll is heavily wounded.
The gnoll hits you with a +0 club!
Ouch! That really hurt!
Casting: Sandblast (safe; 8% risk of failure)
Confirm with . or Enter, or press ? or * to list all spells.
Aiming: Sandblast (safe; 8% risk of failure)
Press: ? - help, Shift-Dir - straight line, f/p - gnoll
Aim: a gnoll, wielding a +0 club (heavily wounded, 83% to hit)
The blast of sand hits the gnoll.
The gnoll is heavily wounded.
The gnoll hits you with a +0 club.
* * * LOW HITPOINT WARNING * * *
You barely miss the gnoll.
The gnoll is heavily wounded.
The gnoll completely misses you.
You closely miss the gnoll.
The gnoll is heavily wounded.
The gnoll hits you with a +0 club.
You die...

##########
#...........
########.#.######..
#.@g.....#.#######.
#.#######........#.
............#####.#.
#.....######.# #.#.
..... #.# #.#.
#####. #.# #.#. #.
#.#####.#. #.
..........
...####.#.


You could see a gnoll.

Vanquished Creatures
  A goblin (D:1)
  A quokka (D:1)
2 creatures vanquished.

Notes
Turn   | Place    | Note
-------+----------+-------------------------------------------
     0 | D:1      | EvilAshe the Ghoul Earth Elementalist began the quest for
                  | the Orb.
     0 | D:1      | Reached XP level 1. HP: 14/14 MP: 2/2
   161 | D:1      | Slain by a gnoll

Illustrated notes

Levels and vault maps discovered:
D:1:      dpeg_arrival_renting, layout_loops_ring, minmay_three_crescents

Action                   || total
-------------------------++-------
Melee: Unarmed           ||     4
 Cast: Sandblast         ||     5
Dodge: Dodged            ||     3
